 Dungeon Crawl Stone Soup version 0.18.1-50-g88ac8fd (webtiles) character file.

58488 Amnesiac the Grand Gadgeteer (level 14, -1/93 HPs)
             Began as a Merfolk Fighter on Mar 5, 2018.
             Was the Champion of Pakellas.
             Killed from afar by a deep elf knight (42 damage)
             ... with a shard of ice
             ... on level 2 of the Elven Halls.
             The game lasted 01:02:08 (20332 turns).

Amnesiac the Grand Gadgeteer (Merfolk Fighter)     Turns: 20332, Time: 01:02:09

Health: -1/93      AC: 20    Str: 27    XL:     14   Next: 90%
Magic:  28/28      EV:  1    Int:  7    God:    Pakellas [******]
Gold:   706        SH: 10    Dex: 13    Spells: 0 memorised, 13 levels left

rFire  . . .     SeeInvis .     a - +5 rod of inaccuracy (0/15)
rCold  . . .     Gourm    .     p - +4 chain mail {MR+}
rNeg   . . .     Faith    .     c - +0 shield
rPois  .         Spirit   .     g - +3 helmet "Sopymag" {rElec rCorr Str-3 Slay-5}
rElec  +         Dismiss  .     k - +0 cloak
rCorr  +         Reflect  .     e - +2 pair of gloves
SustAt .         Harm     .     A - -2 pair of boots "Judi" {Str+8 Stlth+} (curse)
MR     ++...                    (no amulet)
Stlth  +++++.....               z - ring of stealth
                                Q - ring of stealth

@: very resistant to hostile enchantments, quite stealthy
A: change form in water, swift swim
a: Quick Charge, Device Surge, Supercharge, Renounce Religion


You were on level 2 of the Elven Halls.
You worshipped Pakellas.
Pakellas was exalted by your worship.
You were hungry.

You visited 3 branches of the dungeon, and saw 15 of its levels.

You collected 1036 gold pieces.
You spent 330 gold pieces at shops.

Inventory:

Hand Weapons
 w - a +5 dagger of electrocution
 R - a +0 blowgun
Missiles
 G - 20 curare-tipped needles
 N - 7 needles of confusion
Armour
 c - a +0 shield (worn)
 e - a +2 pair of gloves (worn)
 g - the +3 helmet "Sopymag" (worn) {rElec rCorr Str-3 Slay-5}
   (You took it off Robin on level 2 of the Dungeon)

   It affects your strength (-3).
   It affects your accuracy and damage with ranged weapons and melee attacks
   (-5).
   It insulates you from electricity.
   It protects you from acid and corrosion.
 k - a +0 cloak (worn)
 p - a +4 chain mail of magic resistance (worn)
 A - the cursed -2 pair of boots "Judi" (worn) {Str+8 Stlth+}
   (You found it on level 10 of the Dungeon)

   It affects your strength (+8).
   It makes you more stealthy.
   It has a curse placed upon it.
Rods
 a - a +5 rod of inaccuracy (0/15) (in hand)
   (You acquired it on level 8 of the Dungeon)
 b - a +7 iron rod (3/14)
   (Pakellas gifted it to you on level 8 of the Dungeon)
 V - a +0 rod of shadows (10/10)
   (You found it on level 11 of the Dungeon)
Jewellery
 m - an uncursed ring of protection from magic {unknown}
 s - a +2 ring of protection
 z - a ring of stealth (right hand)
 Q - a ring of stealth (left hand)
Wands
 y - a wand of confusion (28/48)
 K - a wand of enslavement (12/24)
 L - a wand of disintegration (11/24)
 P - a wand of acid (1/15)
 S - a wand of iceblast (0/15)
 X - a wand of lightning (9/15)
Scrolls
 h - 6 scrolls of fog {!r}
 i - 4 scrolls of identify {!r}
 l - 4 scrolls of enchant armour {!r}
 o - 11 scrolls of remove curse {!r}
 q - 4 scrolls of amnesia {!r}
 r - a scroll of blinking {!r}
 u - a scroll of silence {!r, unknown}
 v - 2 scrolls of fear {!r}
 x - 3 scrolls of teleportation {!r}
 D - 2 scrolls of vulnerability {!r}
 I - a scroll of brand weapon {!r, unknown}
Potions
 d - 7 potions of might {!q}
 n - 3 potions of invisibility {!q}
 C - 2 potions of agility {!q}
 E - a potion of haste {!q}
 F - 2 potions of heal wounds {!q}
 J - 6 potions of curing {!q}
 M - a potion of flight {!q}
 O - a potion of cancellation {!q}
 W - 10 potions of magic {!q}
Miscellaneous
 B - a phantom mirror
 H - a box of beasts
 T - a fan of gales
 U - a box of beasts
 Z - a disc of storms
Comestibles
 f - 11 bread rations
 j - 7 meat rations


   Skills:
 - Level 3.2 Fighting
 - Level 10.0 Short Blades
 - Level 2.1 Armour
 - Level 11.1 Stealth
 - Level 3.0 Shields
 + Level 20.6 Evocations


You had 13 spell levels left.
You didn't know any spells.

Dungeon Overview and Level Annotations

Branches:
Dungeon (11/15)            Temple (0/1) D:6            Lair (0/8) D:9
    Orc (2/2) D:11            Elf (2/3) Orc:2

Altars:
Ashenzari
Cheibriados
Dithmenos
Elyvilon
Gozag
Makhleb
Okawaru
Pakellas
Qazlal
Xom
The Shining One
Beogh

Shops:
D:7 *   D:9 (   D:11 [   Orc:2 =*%:


Message History

The burst of metal fragments hits the deep elf archer. x2
The burst of metal fragments hits the deep elf mage. x2
The burst of metal fragments hits the deep elf archer.
You kill the deep elf archer!
Pakellas accepts your kill.
Pakellas collects the excess magic power.
The burst of metal fragments hits the deep elf mage.
You kill the deep elf mage!
Pakellas accepts your kill.
Pakellas collects the excess magic power.
The burst of metal fragments hits the deep elf mage.
The deep elf mage is severely wounded.
Aiming: Scattershot
Press: ? - help, Shift-Dir - straight line, f - deep elf mage
Aim: a deep elf mage, wielding a rapier of venom and wearing a leather armour (severely wounded)
The burst of metal fragments hits the deep elf mage.
You kill the deep elf mage!
Pakellas accepts your kill.
a - a +5 rod of inaccuracy (15/15) (in hand)
Aiming: Bolt of Inaccuracy
Press: ? - help, Shift-Dir - straight line, f - deep elf mage
Aim: a deep elf mage, wielding a long sword The narrow beam of energy misses the deep elf mage.
You are feeling hungry.
The deep elf mage points at you and mumbles some strange words.
The bolt of lightning hits you! You resist. The bolt of lightning hits you!
You resist.
Aiming: Bolt of Inaccuracy
Press: ? - help, Shift-Dir - straight line, f/p - deep elf mage
Aim: a deep elf mage, wielding a long sword The narrow beam of energy hits the deep elf mage.
You kill the deep elf mage!
Pakellas accepts your kill.
Pakellas collects the excess magic power.
Aiming: Bolt of Inaccuracy
Press: ? - help, Shift-Dir - straight line, f - deep elf knight
Aim: a deep elf knight, wielding a short sword and wearing a buckler The narrow beam of energy misses the deep elf knight.
The deep elf knight casts a spell.
The deep elf knight seems to speed up.
A deep elf knight comes into view. It is wielding a short sword.
Aiming: Bolt of Inaccuracy
Press: ? - help, Shift-Dir - straight line, f/p - deep elf knight
Aim: a deep elf knight, wielding a short sword and wearing a buckler (fast)
The narrow beam of energy misses the deep elf knight.
The deep elf knight shouts!
A deep elf mage comes into view. It is wielding a long sword.
Aiming: Bolt of Inaccuracy
Press: ? - help, Shift-Dir - straight line, f/p - deep elf knight
Aim: a deep elf knight, wielding a short sword and wearing a buckler (fast)
The narrow beam of energy misses the deep elf knight.
The deep elf mage shouts!
The deep elf knight hits you but does no damage.
You see here 2 arrows.
There is a stone staircase leading up, spattered with blood here.
You see here 2 arrows.
You block the deep elf knight's attack.
The deep elf knight points at you and mumbles some strange words.
The shard of ice hits you!
* * * LOW HITPOINT WARNING * * *
The deep elf knight casts a spell at you.
The shard of ice hits you!
You die...
Pakellas says: Good help is so hard to find these days!

.........#
.........##
.....#...)###
.....#.).))!##
#....>##e##
##..e.###)##
##e...# ##(##
##e#..## ##e##
#e####.# ##@#
#.## #.# ##e#
..# #.# #.#
.(e #.# #.# ..
#. #.# .. #.#
# #.# #.


You could see 2 deep elf knights and a deep elf mage.

Vanquished Creatures
  An orc warlord (Orc:1)
  Snorg (Orc:2)
  2 ettins
  Erica (D:8)
  A death knight (D:9)
  6 dancing weapons
  Urug (D:11)
  5 orc high priests (Orc:2)
  Sonja (D:11)
  7 deep elf knights
  An unseen horror (D:11)
  6 orc knights (Orc:2)
  Pikel (D:4)
  5 deep elf archers
  3 hill giants
  3 orc sorcerers (Orc:2)
  30 deep elf magi
  A cyclops (Orc:2)
  Maurice (D:11)
  A gargoyle (D:10)
  2 freezing wraiths (D:9)
  8 two-headed ogres
  4 trolls
  Grinder (D:6)
  3 air elementals
  Sigmund (D:2)
  2 wyverns (D:9)
  2 wraiths (D:9)
  A spriggan (D:8)
  12 yaks (D:9)
  A fire elemental (Elf:1)
  A hungry ghost (D:9)
  A hippogriff (D:8)
  Menkaure (D:6)
  9 wargs
  Edmund (D:5)
  46 orc warriors
  3 slaves
  3 black bears
  2 ice beasts
  3 phantoms
  4 sky beasts
  18 ogres
  3 centaurs
  A crocodile (D:10)
  5 giant frogs
  2 earth elementals
  3 scorpions
  A water moccasin skeleton (D:9)
  16 killer bees
  3 howler monkeys
  11 wights
  2 crimson imps
  A centaur zombie (D:8)
  A quasit (D:7)
  4 giant frog skeletons
  4 jellies
  3 giant frog zombies
  38 orc priests
  26 orc wizards
  Ijyb (D:2)
  2 iguanas
  12 worker ants
  2 hound skeletons
  Robin (D:2)
  A howler monkey zombie (D:8)
  A worker ant zombie (D:8)
  7 gnolls (D:4)
  14 adders
  2 shadow imps
  An ooze (D:1)
  2 adder skeletons
  3 worms
  A dart slug (D:1)
  4 giant geckos
  110 orcs
  7 bats
  4 giant cockroaches
  13 goblins
  8 hobgoblins
  12 jackals
  7 kobolds
  3 quokkas
  7 giant newts
  A goblin skeleton (D:7)
  2 hobgoblin zombies (D:7)
  A kobold skeleton (D:7)
  8 rats
568 creatures vanquished.

Vanquished Creatures (others)
  A tengu reaver (D:3)
  An orc warrior (D:8)
  A centaur (D:8)
  A scorpion (D:8)
  A howler monkey (D:5)
  3 hounds (D:8)
  An orc priest (D:8)
  2 orc wizards (D:8)
  A worker ant (D:8)
  An orc (D:8)
  A giant cockroach (D:5)
14 creatures vanquished.

Grand Total: 582 creatures vanquished

Notes
Turn   | Place    | Note
--------------------------------------------------------------
     0 | D:1      | Amnesiac the Merfolk Fighter began the quest for the Orb.
     0 | D:1      | Reached XP level 1. HP: 18/18 MP: 1/1
    92 | D:2      | Found a stormy altar of Qazlal.
    92 | D:2      | Found a faded altar to an unknown god.
    94 | D:2      | Noticed Robin
   122 | D:1      | Reached XP level 2. HP: 12/24 MP: 2/2
   661 | D:2      | Killed Robin
   661 | D:2      | Reached XP level 3. HP: 13/29 MP: 3/3
   693 | D:1      | HP: 1/29 [poisoned by Robin]
   974 | D:2      | Got a crude helmet
   980 | D:2      | Identified the +3 helmet "Sopymag" {rElec rCorr Str-3 Slay-5} (You took it off Robin on level 2 of the Dungeon)
  1222 | D:3      | Reached skill level 5 in Short Blades
  1222 | D:3      | Reached XP level 4. HP: 33/35 MP: 4/4
  1302 | D:3      | Found an oddly glowing altar of Pakellas.
  1303 | D:3      | Noticed a tengu reaver
  1306 | D:3      | Became a worshipper of Pakellas the Inventive
  1315 | D:3      | Killed a tengu reaver
  1576 | D:2      | Noticed Ijyb
  1608 | D:2      | Killed Ijyb
  1683 | D:2      | Reached XP level 5. HP: 36/41 MP: 5/5
  1684 | D:2      | Noticed Sigmund
  1791 | D:1      | Reached skill level 1 in Evocations
  1864 | D:1      | Reached * piety under Pakellas
  1864 | D:1      | Received a gift from Pakellas
  2607 | D:2      | Killed Sigmund
  2607 | D:2      | Reached XP level 6. HP: 47/47 MP: 7/7
  2920 | D:3      | Found a shattered altar of Ashenzari.
  3155 | D:3      | Reached ** piety under Pakellas
  3155 | D:3      | Received a gift from Pakellas
  3565 | D:4      | Reached XP level 7. HP: 43/52 MP: 8/8
  3578 | D:4      | Reached skill level 1 in Stealth
  3612 | D:4      | Found a white marble altar of Elyvilon.
  3834 | D:4      | Reached skill level 2 in Evocations
  3975 | D:4      | Found an opulent altar of Gozag.
  4234 | D:4      | Reached skill level 3 in Evocations
  4253 | D:5      | Entered Level 5 of the Dungeon
  4276 | D:5      | Noticed Edmund
  4318 | D:5      | Killed Edmund
  4318 | D:5      | Reached skill level 4 in Evocations
  4349 | D:5      | Reached XP level 8. HP: 18/58 MP: 11/11
  4514 | D:5      | Noticed Pikel
  4539 | D:4      | HP: 2/58 [slave[Pikel] (7)]
  4542 | D:4      | Killed Pikel
  4542 | D:4      | Reached skill level 7 in Evocations
  5144 | D:5      | Found a snail-covered altar of Cheibriados.
  5520 | D:6      | Noticed Menkaure
  5540 | D:6      | Killed Menkaure
  5581 | D:6      | Reached XP level 9. HP: 64/64 MP: 14/14
  5697 | D:6      | Found a staircase to the Ecumenical Temple.
  5709 | D:6      | Reached *** piety under Pakellas
  5709 | D:6      | Received a gift from Pakellas
  5788 | D:6      | Noticed Grinder
  5789 | D:6      | Paralysed by Grinder for 6 turns
  5796 | D:6      | Killed Grinder
  5796 | D:6      | Reached skill level 8 in Evocations
  5961 | D:6      | Reached skill level 5 in Stealth
  6372 | D:7      | Found a glowing golden altar of the Shining One.
  6599 | D:7      | Reached skill level 10 in Short Blades
  6603 | D:7      | Found an iron altar of Okawaru.
  6884 | D:7      | Reached skill level 9 in Evocations
  6896 | D:7      | Reached **** piety under Pakellas
  6896 | D:7      | Received a gift from Pakellas
  7001 | D:7      | Found Gusen's Assorted Antiques.
  7022 | D:7      | Bought a scroll labeled VIGOFE OJUSE for 30 gold pieces
  7022 | D:7      | Bought a scroll labeled ECWEK XYOSEGEH for 30 gold pieces
  7022 | D:7      | Bought a scroll labeled ROM REOKAI for 30 gold pieces
  7022 | D:7      | Bought a crooked iron wand for 120 gold pieces
  7435 | D:8      | Found a shimmering altar of Xom.
  7502 | D:8      | Reached skill level 10 in Evocations
  7510 | D:8      | Reached XP level 10. HP: 20/70 MP: 17/17
  7896 | D:8      | Found a shadowy altar of Dithmenos.
  7917 | D:8      | Identified a scroll of acquirement {!r}
  8164 | D:8      | Reached skill level 11 in Evocations
  8241 | D:8      | Identified a +5 rod of inaccuracy (15/15) (You acquired it on level 8 of the Dungeon)
  8311 | D:8      | Noticed Erica
  8316 | D:8      | Killed Erica
  8510 | D:8      | Reached ***** piety under Pakellas
  8510 | D:8      | Received a gift from Pakellas
  8603 | D:8      | Reached skill level 12 in Evocations
  8882 | D:9      | Found a staircase to the Lair.
  8937 | D:9      | Found Raved's Weapon Emporium.
  9023 | D:9      | Reached skill level 13 in Evocations
  9023 | D:9      | Reached XP level 11. HP: 51/75 MP: 20/20
  9650 | D:9      | Noticed a death knight
  9666 | D:9      | Reached skill level 14 in Evocations
 10020 | D:9      | Killed a death knight
 10272 | D:10     | Entered Level 10 of the Dungeon
 10373 | D:10     | Noticed a hill giant
 10380 | D:10     | Killed a hill giant
 10407 | D:10     | Got a pair of faintly glowing boots
 10571 | D:10     | Identified the cursed -2 pair of boots "Judi" {Str+8 Stlth+} (You found it on level 10 of the Dungeon)
 10872 | D:10     | Reached skill level 15 in Evocations
 10918 | D:10     | Noticed a hill giant
 10966 | D:10     | Killed a hill giant
 11111 | D:11     | Noticed Sonja
 11112 | D:11     | Killed Sonja
 11114 | D:11     | Noticed a hill giant
 11135 | D:11     | Killed a hill giant
 11135 | D:11     | Reached XP level 12. HP: 81/81 MP: 23/23
 11215 | D:11     | Found Ymaulu Iroann's Armour Shop.
 11418 | D:7      | Bought a blackened bone wand for 120 gold pieces
 11656 | D:11     | Noticed Urug
 11666 | D:11     | Killed Urug
 11811 | D:11     | Noticed Maurice
 11821 | D:11     | Reached skill level 16 in Evocations
 11824 | D:11     | Killed Maurice
 12236 | D:11     | Found a staircase to the Orcish Mines.
 12414 | D:11     | Reached ****** piety under Pakellas
 12641 | Orc:1    | Entered Level 1 of the Orcish Mines
 12816 | Orc:1    | Found a burning altar of Makhleb.
 12957 | Orc:2    | Entered Level 2 of the Orcish Mines
 13161 | Orc:2    | Noticed Snorg
 13168 | Orc:2    | Killed Snorg
 13168 | Orc:2    | Reached skill level 17 in Evocations
 13986 | Orc:1    | Identified a +0 rod of shadows (10/10) (You found it on level 11 of the Dungeon)
 14327 | Orc:1    | Noticed an ettin
 14335 | Orc:1    | Killed an ettin
 14536 | Orc:2    | Noticed an ettin
 14868 | Orc:2    | Killed an ettin
 15134 | Orc:2    | Found a roughly hewn altar of Beogh.
 15194 | Orc:2    | Reached XP level 13. HP: 86/86 MP: 25/25
 15198 | Orc:2    | Reached skill level 10 in Stealth
 15298 | Orc:2    | Found Juigeupn's Book Boutique.
 15399 | Orc:2    | Found Zosing's Food Shop.
 16697 | Orc:2    | Noticed an orc warlord
 16744 | Orc:1    | Killed an orc warlord
 17500 | Orc:2    | Reached skill level 18 in Evocations
 17778 | Orc:2    | Found a roughly hewn altar of Beogh.
 18010 | Orc:2    | Found Zaikoj's Jewellery Boutique.
 18041 | Orc:2    | Found Bis Ygum's General Store.
 18218 | Orc:2    | Found a staircase to the Elven Halls.
 18389 | Elf:1    | Entered Level 1 of the Elven Halls
 18542 | Elf:1    | Reached XP level 14. HP: 93/93 MP: 27/27
 18645 | Elf:1    | Reached skill level 19 in Evocations
 20028 | Elf:2    | Reached skill level 20 in Evocations
 20332 | Elf:2    | Killed from afar by a deep elf knight

Skill      XL: |  1  2  3  4  5  6  7  8  9 10 11 12 13 14 |
---------------+-------------------------------------------+-----
Short Blades   | 3 4 5 6 7 8 10 | 10.0
Evocations     | 1 4 7 10 13 15 17 18 20 | 20.6
Stealth        | 2 4 5 9 11 | 11.1
Fighting       | |  3.2
Armour         | |  2.1
Shields        | |  3.0

Action                   |  1- 3 |  4- 6 |  7- 9 | 10-12 | 13-15 || total
-------------------------+-------+-------+-------+-------+-------++-------
Melee: Rapier            |    52 |       |     1 |       |       ||    53
       Dagger            |    45 |   254 |   462 |   302 |   199 ||  1262
Throw: Stone             |       |       |       |     1 |       ||     1
Invok: Quick Charge      |       |       |       |       |     1 ||     1
Evoke: Wand              |       |     3 |    20 |     2 |    22 ||    47
       Rod               |       |       |       |   242 |   168 ||   410
  Use: Potion            |       |       |     2 |     3 |       ||     5
       Scroll            |       |       |    10 |    19 |       ||    29
 Stab: Confused          |       |     2 |       |       |     1 ||     3
       Sleeping          |       |       |    11 |     4 |     1 ||    16
       Distracted        |       |       |     1 |     1 |     2 ||     4
  Eat: Chunk             |     1 |     7 |    12 |    47 |    19 ||    86
       Pizza             |       |       |       |     1 |     1 ||     2
       Fruit             |       |       |       |       |    12 ||    12
       Beef jerky        |       |       |       |       |     2 ||     2
Armor: Scale mail        |    74 |    17 |       |       |       ||    91
       Leather armour    |       |    67 |   136 |   117 |     4 ||   324
       Chain mail        |       |       |       |       |    51 ||    51
Dodge: Dodged            |    22 |    71 |    80 |   114 |    33 ||   320
Block: Shield            |    69 |    77 |   130 |   152 |    90 ||   518
